 Dungeon Crawl Stone Soup version 0.18-a0-1507-g69458e0 (webtiles) character file.

4004 kona the Fighter (level 10, -1/82 HPs)
             Began as a Human Fighter on Mar 5, 2016.
             Was a Priest of Pakellas.
             Killed by divine providence
             ... invoked by an orc priest
              (14 damage)
             ... on level 8 of the Dungeon.
             The game lasted 00:23:22 (7421 turns).

kona the Fighter (Human Fighter)                    Turns: 7421, Time: 00:23:22

Health: -1/82      AC: 13    Str: 20    XL:     10   Next: 47%
Magic:  1/13       EV: 13    Int:  8    God:    Pakellas [***...]
Gold:   647        SH:  2    Dex: 13    Spells: 0 memorised, 9 levels left

rFire  . . .     SeeInvis .     R - +1 great sword (holy)
rCold  . . .     Gourm    .     b - +0 scale mail
rNeg   + . .     Faith    .     (shield currently unavailable)
rPois  +         Spirit   .     o - +2 helmet
rElec  .         Dismiss  .     n - +0 cloak
rCorr  .         Reflect  +     (no gloves)
SustAt .         Harm     .     u - +0 pair of boots
MR     .....                    r - +2 amulet of reflection
Stlth  ..........               H - ring of positive energy
                                g - ring of poison resistance

@: not resistant to hostile enchantments, extremely unstealthy
A: no striking features
a: Quick Charge, Device Surge, Renounce Religion


You were on level 8 of the Dungeon.
You worshipped Pakellas.
Pakellas was most pleased with you.
You were hungry.

You visited 2 branches of the dungeon, and saw 9 of its levels.
You also visited: Ossuary.

You collected 647 gold pieces.

Inventory:

Hand Weapons
 k - a +3 rapier of electrocution
 R - a +1 great sword of holy wrath (weapon)
Armour
 b - a +0 scale mail (worn)
 c - a +0 shield
 n - a +0 cloak (worn)
 o - a +2 helmet (worn)
 u - a +0 pair of boots (worn)
Jewellery
 g - a ring of poison resistance (left hand)
 i - an uncursed amulet of dismissal
 r - a +2 amulet of reflection (around neck)
 C - a +1 ring of protection
 H - a ring of positive energy (right hand)
Wands
 l - a wand of paralysis (7/24)
 w - a wand of teleportation (5/9)
 y - a wand of lightning (9/15)
 z - a wand of acid (2/15)
 E - a wand of flame (19/48)
 J - a wand of lightning (9/15)
 O - a wand of iceblast (5/15)
Scrolls
 B - 5 scrolls of remove curse
 G - 3 scrolls of teleportation
 L - 2 scrolls of fog
 M - a scroll of blinking
 N - 2 scrolls of recharging
 Q - a scroll of summoning
 S - 2 scrolls of immolation
Potions
 d - 4 potions of might
 e - a potion of agility
 p - 3 potions of lignification
 q - 2 potions of curing
 s - a potion of cure mutation
 v - a potion of cancellation
 x - a potion of brilliance
 A - a potion of ambrosia
 D - a potion of flight
 I - 3 potions of heal wounds
 K - a potion of berserk rage
Comestibles
 f - 6 bread rations
 h - 2 fruits
 m - a slice of pizza
 t - 2 meat rations
 F - 2 beef jerkies


   Skills:
 * Level 8.6 Fighting
 * Level 6.0 Long Blades
 + Level 7.2 Armour
 + Level 6.9 Dodging
 - Level 3.0 Shields
 * Level 4.2 Evocations


You had 9 spell levels left.
You didn't know any spells.

Dungeon Overview and Level Annotations

Branches:
Dungeon (8/15)             Temple (1/1) D:5
   Lair: D:8-11

Altars:
Ashenzari
Cheibriados
Dithmenos
Elyvilon
Fedhas
Gozag
Kikubaaqudgha
Nemelex Xobeh
Okawaru
Pakellas
Qazlal
Ru
Sif Muna
Trog
Vehumet
Xom
Yredelemnul
Zin
The Shining One

Annotations:
D:8 Grum


Message History

You feel your power returning.
Charge which item? (? for menu, Esc to quit)
Your wand of paralysis (6/24) glows for a moment and now has 7 charges.
You feel somewhat more hungry.
You start resting.
Grum the Hunter comes into view.
He is wielding a spear.
Grum is nearby!
An orc priest comes into view. It is wielding a mace.
The orc priest shouts!
Grum growls angrily.
The orc priest calls down the wrath of Beogh upon you.
Beogh smites you!
* * * LOW HITPOINT WARNING * * *
You hear a shout!
The orc priest invokes the aid of Beogh against you.
Pain shoots through your body!
* * * LOW HITPOINT WARNING * * *
The orc priest invokes the aid of Beogh against you.
Beogh smites you!
You die...
Pakellas says: Time to find a new assistant...

###........#####.#
##.#.##.........# ##
#.###...#.####### #.. ##.#.####.#
#.# ##.## #.# ##.#### .# ### #.#
#... .. . ##.## #..# .# ##. #...#
#..##.#..# ## #..
#..@#######........# ..##.#
#......og....#.##..
#.##.#########(..#####.#..#.##...
........##.............#.........
#.##.##.............o#####.......
.....#####............ ...####.
#.##.# #####...##### ..!...
.....# #.....>.. ..##.#.# #.##.#
#######...######.. .#.#


You could see Grum and an orc priest.

Vanquished Creatures
  Pikel (D:8)
  2 wolves (D:8)
  2 wraiths (Ossuary)
  A hungry ghost (D:7)
  Edmund (D:6)
  2 sky beasts (D:8)
  2 orc warriors
  An ice beast (D:5)
  An ogre (D:5)
  A phantom (D:7)
  2 centaurs
  2 giant frogs
  A wyvern zombie (D:6)
  A water moccasin zombie (D:7)
  2 jellies
  6 wights
  4 howler monkeys
  3 crimson imps
  A centaur skeleton (D:4)
  2 giant frog skeletons
  A centaur zombie (Ossuary)
  2 gnoll shamans (D:5)
  7 orc wizards
  2 iguanas
  Jessica (D:2)
  Ijyb (D:2)
  A worker ant (D:7)
  A hound skeleton (D:4)
  A howler monkey zombie (D:6)
  Robin (D:3)
  31 gnolls (D:5)
  6 adders
  2 shadow imps
  An adder skeleton (D:7)
  2 adder zombies (Ossuary)
  A worm (D:6)
  4 dart slugs
  4 giant geckos
  28 orcs
  5 bats
  2 bat skeletons (D:2)
  11 giant cockroaches
  10 goblins
  6 hobgoblins
  34 jackals
  7 kobolds
  4 quokkas
  A ball python skeleton (Ossuary)
  A giant gecko zombie (D:2)
  2 giant newts (D:3)
  A hobgoblin skeleton (Ossuary)
  A hobgoblin zombie (Ossuary)
  A jackal skeleton (D:4)
  A jackal zombie (D:6)
  A kobold zombie (Ossuary)
  An orc skeleton (Ossuary)
  An orc zombie (Ossuary)
  3 rats
  A bush (D:5)
229 creatures vanquished.

Vanquished Creatures (others)
  2 slaves (D:8)
  A crimson imp (D:8)
  An orc (D:6)
  A quokka (D:8)
5 creatures vanquished.

Grand Total: 234 creatures vanquished

Notes
Turn   | Place    | Note
--------------------------------------------------------------
     0 | D:1      | kona the Human Fighter began the quest for the Orb.
     0 | D:1      | Reached XP level 1. HP: 18/18 MP: 1/1
   289 | D:1      | Reached XP level 2. HP: 21/24 MP: 2/2
   918 | D:2      | Reached XP level 3. HP: 29/29 MP: 3/3
  1072 | D:2      | Noticed Ijyb
  1085 | D:2      | Killed Ijyb
  1085 | D:2      | Reached skill level 1 in Dodging
  1085 | D:2      | Reached XP level 4. HP: 27/36 MP: 4/4
  1214 | D:2      | Noticed Jessica
  1220 | D:2      | Killed Jessica
  1370 | D:2      | Found a glowing silver altar of Zin.
  1373 | D:2      | Found an iron altar of Okawaru.
  1376 | D:2      | Found a blossoming altar of Fedhas.
  1709 | D:3      | Reached XP level 5. HP: 42/42 MP: 5/5
  1816 | D:3      | Noticed Robin
  1830 | D:3      | Killed Robin
  1908 | D:3      | Reached skill level 4 in Fighting
  2435 | D:3      | Reached XP level 6. HP: 21/48 MP: 6/6
  2868 | D:4      | Reached XP level 7. HP: 55/55 MP: 7/7
  3044 | D:5      | Entered Level 5 of the Dungeon
  3110 | D:5      | Reached skill level 5 in Fighting
  3402 | D:5      | Reached skill level 5 in Armour
  3465 | D:5      | Reached XP level 8. HP: 24/63 MP: 8/8
  3862 | D:5      | Found a staircase to the Ecumenical Temple.
  3884 | Temple   | Entered the Ecumenical Temple
  4089 | Temple   | Became a worshipper of Pakellas the Inventive
  4490 | D:5      | Reached skill level 6 in Fighting
  4490 | D:5      | Reached skill level 1 in Evocations
  4495 | D:5      | Reached skill level 5 in Dodging
  4571 | D:5      | Reached * piety under Pakellas
  4842 | D:5      | Reached XP level 9. HP: 52/70 MP: 10/10
  4914 | D:5      | Reached ** piety under Pakellas
  4914 | D:5      | Received a gift from Pakellas
  4990 | D:6      | Noticed Edmund
  4998 | D:6      | Killed Edmund
  5081 | D:6      | Found a blossoming altar of Fedhas.
  5641 | D:6      | Found a basalt altar of Yredelemnul.
  5648 | D:6      | Noticed a profane servitor
  5662 | D:6      | Found a glowing golden altar of the Shining One.
  5664 | D:6      | Noticed an angel
  5885 | D:7      | Reached skill level 7 in Fighting
  5890 | D:7      | Reached skill level 5 in Long Blades
  5998 | D:7      | Reached *** piety under Pakellas
  6270 | D:7      | Found a sand-covered staircase.
  6281 | Ossuary  | Entered an ossuary
  6407 | Ossuary  | Identified a scroll of acquirement
  6569 | Ossuary  | Reached XP level 10. HP: 57/80 MP: 12/12
  6817 | D:8      | Noticed Pikel
  6831 | D:8      | Reached skill level 8 in Fighting
  6837 | D:8      | Killed Pikel
  7017 | D:8      | Found a white marble altar of Elyvilon.
  7413 | D:8      | Noticed Grum
  7421 | D:8      | Killed from afar by an orc priest

Vault maps used:
D:1:      evilmike_arrival_home_sweet_home, minmay_distorted
D:2:      grunt_temple_overflow_diamond, serial_undead, serial_undead_d,
          serial_undead_e, serial_undead_b, serial_undead_d,
          kennysheep_small_spiral, uniq_jessica, uniq_iyjb
D:3:      first_bread, uniq_robin
D:5:      lemuel_castle_with_subvaults, minmay_temple_entry_statues_fountains,
          kb_lookout_dungeons_type, kennysheep_minor_cross, grunt_ministairs_15
D:6:      grunt_temple_overflow_holy_war, fedhas_altar_2, uniq_edmund
D:7:      nicolae_ossuary_entry_ruins
D:8:      elyvilon_altar_3, lair_0_dummy, uniq_pikel, uniq_grum
Temple:   minmay_temple_curvy_14
Ossuary:  ossuary_due_cavern

Skill      XL: |  1  2  3  4  5  6  7  8  9 10 |
---------------+-------------------------------+-----
Dodging        | 1 2 3 4 5 6 |  6.9
Fighting       | 4 5 6 7 8 |  8.6
Armour         | 4 5 6 7 |  7.2
Long Blades    | 3 4 5 6 |  6.0
Evocations     | 1 3 4 |  4.2
Shields        | |  3.0

Action                   |  1- 3 |  4- 6 |  7- 9 | 10-12 || total
-------------------------+-------+-------+-------+-------++-------
Melee: Long sword        |    94 |    15 |       |       ||   109
       Rapier            |       |   155 |   401 |     4 ||   560
       Great sword       |       |       |       |    59 ||    59
Invok: Quick Charge      |       |       |       |     4 ||     4
Evoke: Wand              |       |       |    21 |     6 ||    27
  Use: Scroll            |     4 |     4 |    15 |     3 ||    26
 Stab: Paralysed         |       |       |    16 |     5 ||    21
  Eat: Chunk             |     1 |     6 |    11 |     3 ||    21
       Fruit             |       |       |       |     1 ||     1
